 Dungeon Crawl Stone Soup version 0.21-a0-278-ga722497 (webtiles) character file.

435 tilp the Firebug (level 7, -5/50 HPs)
             Began as a Hill Orc Fire Elementalist on Sept 20, 2017.
             Slain by an ice beast (10 damage)
             ... on level 6 of the Dungeon.
             The game lasted 00:16:38 (5204 turns).

tilp the Firebug (Hill Orc Fire Elementalist)       Turns: 5204, Time: 00:16:39

Health: -5/50      AC:  3    Str:  9 (11) XL:     7   Next: 0%
Magic:  5/11       EV: 12    Int: 15 (17) God:
Gold:   179        SH:  0    Dex: 11      Spells: 2/12 levels left

rFire    . . .     SeeInvis .   a - +0 mace (protect)
rCold    . . .     Gourm    .   (no shield)
rNeg     . . .     Faith    .   f - +0 robe
rPois    .         Spirit   .   (no helmet)
rElec    .         Reflect  .   (no cloak)
rCorr    .         Harm     .   s - +0 pair of gloves
MR       .....                  (no boots)
Stlth    ++........             (no amulet)
HPRegen  0.16/turn              (no ring)
MPRegen  0.12/turn              (no ring)

@: no status effects
A: no striking features
a: no special abilities


You were on level 6 of the Dungeon.
You were hungry.

You visited 1 branch of the dungeon, and saw 6 of its levels.

You collected 179 gold pieces.

Inventory:

Hand Weapons
 a - a +0 mace of protection (weapon)
 b - a +0 hunting sling
 v - a +0 war axe
Missiles
 g - 151 stones (quivered)
Armour
 f - a +0 robe (worn)
 s - a +0 pair of gloves (worn)
Jewellery
 t - an uncursed ring of magical power {unknown}
Wands
 p - a wand of random effects (33/48)
Scrolls
 h - a scroll of random uselessness {unknown}
 i - 6 scrolls of identify {unknown}
 l - a scroll of fog {unknown}
 q - 3 scrolls of remove curse
 u - a scroll of magic mapping
Potions
 e - 3 potions of heal wounds {unknown}
 m - 3 potions of curing {unknown}
 o - 2 potions of brilliance {unknown}
 r - a potion of cancellation {unknown}
Books
 d - a book of Flames

   Spells                             Type                      Level
   a - Flame Tongue                   Conjuration/Fire             1
   b - Throw Flame                    Conjuration/Fire             2
   c - Conjure Flame                  Conjuration/Fire             3
   d - Inner Flame                    Hexes/Fire                   3
   e - Sticky Flame                   Conjuration/Fire             4
   f - Fireball                       Conjuration/Fire             5
Comestibles
 c - 3 bread rations
 j - a fruit


   Skills:
 - Level 1.5 Dodging
 - Level 1.5 Stealth
 + Level 3.2 Spellcasting
 + Level 4.6 Conjurations
 + Level 5.1 Fire Magic


You had 2 spell levels left.
You knew the following spells:

 Your Spells              Type           Power        Failure   Level  Hunger
a - Flame Tongue          Conj/Fire      ###..        2%          1    #......
b - Throw Flame           Conj/Fire      ###...       4%          2    ##.....
c - Conjure Flame         Conj/Fire      ###.....     8%          3    ###....
d - Sticky Flame          Conj/Fire      ###.....     26%         4    #####..


Dungeon Overview and Level Annotations

Branches:
Dungeon (7/15)
 Temple: D:4-7

Altars:
Sif Muna
Trog
Yredelemnul
Zin

Annotations:
D:2 1 runed door
D:3 Ijyb, Jessica, Sigmund


Message History

A crimson imp comes into view.
Found 3 fruits.
A quokka comes into view.
An ice beast comes into view.
A bullfrog comes into view.
Found a stone staircase leading up.
The bullfrog croaks.
The crimson imp shouts!
You feel yourself slow down.
The worker ant waves its antennae.
The quokka completely misses you.
The ice beast hits you but does no damage.
Found 14 gold pieces.
The crimson imp blinks!
You recover from your berserk rage.
The quokka closely misses you.
There is a stone staircase leading up here.
The ice beast hits you.
* * * LOW HITPOINT WARNING * * *
The ice beast freezes you!
You die...

#..#>..... ...
#..##g.... #..#
#.......g. . ##..
####.##...... ..#...###
##..h.#.......
......$.###.g...........
........................
........rF..............
.......@Ya..........>...
###########......%...###
##...##...## ##### ##..


You could see a black bear, an ice beast, a bullfrog, a worker ant, a gnoll and
a quokka.

Vanquished Creatures
  An ogre (D:4)
  2 orc priests (D:3)
  A hound (D:4)
  Natasha (thrice) (D:2)
  2 worker ants
  A hound skeleton (D:3)
  A worker ant zombie (D:4)
  5 adders
  An adder skeleton (D:4)
  3 worms
  3 dart slugs
  2 leopard geckos
  An orc (D:3)
  5 bats
  3 giant cockroaches
  2 gnoll zombies (D:2)
  3 goblins
  6 hobgoblins
  3 jackals (D:2)
  3 quokkas
  2 frilled lizards (D:3)
  4 kobolds
  A leopard gecko skeleton (D:4)
  11 rats
69 creatures vanquished.

Notes
Turn   | Place    | Note
-------+----------+-------------------------------------------
     0 | D:1      | tilp the Hill Orc Fire Elementalist began the quest for the Orb.
     0 | D:1      | Reached XP level 1. HP: 14/14 MP: 3/3
    68 | D:1      | Reached XP level 2. HP: 9/20 MP: 1/4
   648 | D:2      | Noticed Natasha
   654 | D:2      | Noticed a crimson imp
   655 | D:2      | Killed Natasha
   655 | D:2      | Reached XP level 3. HP: 26/26 MP: 0/5
   659 | D:2      | Learned a level 2 spell: Throw Flame
  1094 | D:2      | Found a basalt altar of Yredelemnul.
  1211 | D:2      | Reached XP level 4. HP: 31/33 MP: 7/7
  1348 | D:2      | Found a runed door.
  1359 | D:2      | Learned a level 3 spell: Conjure Flame
  1373 | D:2      | Found a glowing silver altar of Zin.
  1520 | D:2      | Noticed Natasha
  1542 | D:2      | Killed Natasha
  1565 | D:2      | Noticed Natasha
  1570 | D:2      | Killed Natasha
  1570 | D:2      | Reached XP level 5. HP: 37/38 MP: 1/8
  2150 | D:3      | Reached skill level 4 in Fire Magic
  2928 | D:3      | Noticed Sigmund
  3036 | D:3      | Reached XP level 6. HP: 45/45 MP: 6/10
  3233 | D:3      | Found a faded altar of an unknown god.
  3295 | D:3      | Noticed Jessica
  3297 | D:3      | Noticed Ijyb
  4441 | D:4      | Found a deep blue altar of Sif Muna.
  4515 | D:4      | Learned a level 4 spell: Sticky Flame
  4998 | D:4      | Reached skill level 5 in Fire Magic
  5010 | D:4      | Reached XP level 7. HP: 50/50 MP: 1/11
  5157 | D:4      | You fall through a shaft for 3 floors!
  5157 | D:7      | Found a bloodstained altar of Trog.
  5204 | D:6      | Slain by an ice beast

Vault maps used:
D:1:      minmay_arrival_semitransparent
D:2:      overflow_temple_1_default, lemuel_zombie_altar_yredelemnul,
          serial_bayou_pond_a, uniq_natasha, uniq_crazy_yiuf_cottage
D:3:      chequers_ecumenical_altar_island, first_bread, grunt_ministairs_6,
          minmay_misc_feat_enclosed, uniq_jessica, uniq_sigmund, uniq_ijyb
D:4:      minitemple, old_standard_altar, kennysheep_generic_room_10
D:6:      bloody_makhleb, temple_pool_b, uniq_eustachio
D:7:      minmay_cornered_nines, trog_eyes_of_draining, the_bakery,
          minmay_liquid_box

Skill      XL: |  1  2  3  4  5  6 |
---------------+-------------------+-----
Conjurations   | 2 3 4 |  4.6
Spellcasting   | 2 3 |  3.2
Fire Magic     | 4 5 |  5.1
Dodging        | |  1.5
Stealth        | |  1.5

Action                   |  1- 3 |  4- 6 |  7- 9 || total
-------------------------+-------+-------+-------++-------
Melee: Club              |     4 |       |       ||     4
       Mace              |     2 |   139 |       ||   141
 Fire: Hunting sling     |    33 |     7 |       ||    40
Throw: Stone             |     1 |       |       ||     1
 Cast: Flame Tongue      |    31 |    59 |       ||    90
       Conjure Flame     |       |     8 |       ||     8
       Throw Flame       |       |     6 |       ||     6
  Use: Potion            |       |     1 |     2 ||     3
       Scroll            |       |       |     2 ||     2
 Stab: Sleeping          |       |     3 |       ||     3
  Eat: Chunk             |     1 |     9 |       ||    10
       Meat ration       |       |     1 |       ||     1
Armor: Robe              |     3 |    75 |     1 ||    79
Dodge: Dodged            |     9 |   123 |     7 ||   139

Table legend:
 A = Spawn XP
 B = Non-spawn XP
 C = Spawn XP percentage of total XP
 D = Spawn monster count
 E = Non-spawn monster count
 F = Spawn count percentage of total count
 G = Total turns spent on level
                    A         B        C        D         E        F      G
               +---------+---------+-------+---------+---------+-------+---------
         Total |       0 |     622 |   0.0 |       0 |      69 |   0.0 |  5204
               +---------+---------+-------+---------+---------+-------+---------
           D:1 |       0 |      18 |   0.0 |       0 |       9 |   0.0 |   586
           D:2 |       0 |     160 |   0.0 |       0 |      24 |   0.0 |  1709
           D:3 |       0 |     216 |   0.0 |       0 |      28 |   0.0 |  2027
           D:4 |       0 |     228 |   0.0 |       0 |       8 |   0.0 |   835
               +---------+---------+-------+---------+---------+-------+---------
